 Dungeon Crawl Stone Soup version bcrawl-1.30 (webtiles) character file.

Game seed: 13017104433321684431

362504 drd the Thaumaturge (level 10, 0/56 HPs)
             Began as a Fairy Conjurer on Mar 13, 2021.
             Was a Plaything of Xom.
             Slain by a troll (9 damage)
             ... on level 7 of the Dungeon.
             The game lasted 00:09:11 (5724 turns).

drd the Thaumaturge (Fairy Conjurer)                Turns: 5724, Time: 00:09:11

Health: 0/56       AC:  6    Str:  6    XL:     10   Next: 13%
Magic:  3/28       EV: 17    Int: 22    God:    Xom [.*....]
Gold:   469        SH:  6    Dex: 13    Spells: 29/33 levels left

rFire    . . .     SeeInvis .     - Fists (2.4)
rCold    . . .     Gourm    .   (shield restricted)
rNeg     . . .     Faith    .   (armour unavailable)
rPois    +         Spirit   .   (no helmet)
rElec    .         Reflect  .   (no cloak)
rCorr    +         Harm     .   (no gloves)
MR       +....                  (no boots)
Stlth    +.........             (no amulet)
HPRegen  0.18/turn              z - ring of resist corrosion
MPRegen  0.21/turn              y - ring of poison resistance

@: flying evasively
A: small, magic attunement, unstealthy, unfitting armour, able to fly, AC/SH +6
a: Stop Flying, Renounce Religion


You were on level 7 of the Dungeon.
You worshipped Xom.
You were a plaything of Xom.
You were not hungry.

You visited 1 branch of the dungeon, and saw 7 of its levels.

You collected 469 gold pieces.

Inventory:

Armour
 m - a +0 hat
 s - a +0 cloak
Jewellery
 k - an uncursed ring of positive energy
 y - a ring of poison resistance (right hand)
 z - a ring of resist corrosion (left hand)
 A - the amulet of Xixteuz {Faith *Contam rElec rF+ MR+, unknown}
   (Xom gifted it to you on level 5 of the Dungeon)

   [amulet of faith]

   It allows you to gain divine favour quickly.
   It protects you from fire.
   It insulates you from electricity.
   It affects your resistance to hostile enchantments.
   It causes magical contamination when unequipped.
Wands
 o - a wand of polymorph (4)
 v - a wand of disintegration (13)
 x - a wand of random effects (12)
 E - a wand of acid (6)
Scrolls
 a - a scroll of blinking {unknown}
 c - 2 scrolls of amnesia {unknown}
 g - 3 scrolls of immolation {unknown}
 h - 3 scrolls of magic mapping
 i - a scroll of identify
 j - 3 scrolls of enchant weapon
 r - 2 scrolls of remove curse
 w - a scroll of enchant armour {unknown}
 D - a scroll of noise {unknown}
Potions
 b - a potion of magic
 d - 3 potions of lignification {unknown}
 f - 2 potions of heal wounds {unknown}
 l - 2 potions of haste {unknown}
 n - 4 potions of curing
 p - a potion of resistance {unknown}
 q - 4 potions of might
 t - 2 potions of brilliance {unknown}
 u - a potion of mutation {unknown}
 C - a potion of invisibility {unknown}
Comestibles
 e - 4 rations {!d}


   Skills:
 - Level 0.2 Fighting
 + Level 3.8 Dodging
 - Level 2.0 Stealth
 + Level 12.2 Spellcasting
 + Level 12.0 Conjurations


You had 29 spell levels left.
You knew the following spells:

 Your Spells              Type           Power        Failure   Level  Hunger
a - Magic Dart            Conj           ####         1%          1    None
b - Iskenderun's Mystic   Conj           ######..     1%          3    None

Your spell library contained the following spells:

 Spells                   Type           Power        Failure   Level  Hunger
 Searing Ray              Conj           ######..     1%          2    None
 Fulminant Prism          Conj/Hex       #####.....   4%          4    None
 Irradiate                Conj/Tmut      #####.....   11%         5    None


Dungeon Overview and Level Annotations

Branches:
Dungeon (7/12)             Temple (0/1) D:5
   Lair: D:7-9

Altars:
Ashenzari
Elyvilon
Fedhas
Qazlal
Vehumet
Xom
Yredelemnul

Shops:
D:4 [


Innate Abilities, Weirdness & Mutations

Your spells do not cause hunger and MP costs are reduced by 1.
Your bright wings attract enemies. (Stealth-)
You cannot fit into any form of body armour.
Your shimmering scales are hard and can block incoming attacks. (AC +6, SH +6)
You are small and have problems with some larger weapons.
You can fly continuously.


Message History

Aiming: Magic Dart (safe; 1% risk of failure)
Press: ? - help, Shift-Dir - straight line, f/p - troll
Aim: a troll (heavily wounded)
The magic dart hits the troll.
The troll is severely wounded.
The troll bites you!
* * * LOW HITPOINT WARNING * * *
The troll closely misses you. The troll claws you.
* * * LOW HITPOINT WARNING * * *
Casting: Magic Dart (safe; 1% risk of failure)
Confirm with . or Enter, or press ? or * to list all spells.
Aiming: Magic Dart (safe; 1% risk of failure)
Press: ? - help, Shift-Dir - straight line, f/p - troll
Aim: a troll (heavily wounded)
The magic dart hits the troll.
The troll is severely wounded.
A hound comes into view.
You block the troll's attack. The troll claws you!
You die...
Xom laughs nastily!

......#
......+
<...h.#
...)..#
.......
.......
####J......
#.@TS......
###.###...#..
#...#<# ..#
#.....# ...
####### ###


You could see a troll, a hound (wandering), a jelly and an adder.

Vanquished Creatures
  Pikel (D:5)
  2 hippogriffs
  Sigmund (D:6)
  Eustachio (D:6)
  2 sky beasts
  An ice beast (D:6)
  An orc warrior (D:6)
  3 phantoms
  A necrophage (D:5)
  A wolf (D:7)
  A centaur (D:6)
  2 ogres
  Blork the orc (D:6)
  A gnoll sergeant (D:5)
  A water moccasin zombie (D:4)
  2 scorpions
  6 killer bees (D:7)
  4 wights (D:6)
  2 crimson imps
  6 orc priests
  5 orc wizards
  Ijyb (D:3)
  2 worker ants (D:4)
  6 adders
  A shadow imp (D:6)
  4 worms
  5 dart slugs
  5 leopard geckos
  29 orcs
  2 giant cockroaches (D:1)
  2 goblins
  9 hobgoblins
  13 jackals
  6 quokkas
  2 ball pythons
  6 bats
  A frilled lizard (D:4)
  2 kobolds
  4 rats
  A butterfly (D:5)
  A fire vortex (D:4)
147 creatures vanquished.

Vanquished Creatures (collateral kills)
  An orc warrior (D:6)
  A wight (D:6)
  3 orc wizards (D:6)
  An orc (D:6)
6 creatures vanquished.

Grand Total: 153 creatures vanquished

Notes
Turn   | Place    | Note
-------+----------+-------------------------------------------
     0 | D:1      | drd the Fairy Conjurer began the quest for the Orb.
     0 | D:1      | Reached XP level 1. HP: 11/11 MP: 6/6
    74 | D:1      | Reached skill level 5 in Conjurations
   112 | D:1      | Reached XP level 2. HP: 11/17 MP: 7/7
  1062 | D:2      | Reached XP level 3. HP: 21/21 MP: 9/9
  1562 | D:2      | Found a faded altar of an unknown god.
  1562 | D:2      | Found a radiant altar of Vehumet.
  1570 | D:2      | Found a faded altar of an unknown god.
  1576 | D:2      | Found a basalt altar of Yredelemnul.
  1578 | D:2      | Found a shattered altar of Ashenzari.
  1833 | D:2      | Became a worshipper of Elyvilon the Healer
  1833 | D:2      | Reached * piety under Elyvilon
  1845 | D:2      | Fell from the grace of Elyvilon
  1845 | D:2      | Became a worshipper of Xom of Malevolent Giggling
  1902 | D:3      | Reached XP level 4. HP: 27/27 MP: 11/11
  2086 | D:3      | XOM: silly message
  2229 | D:3      | Noticed Ijyb
  2292 | D:3      | XOM: silly message
  2396 | D:3      | Reached XP level 5. HP: 24/31 MP: 11/13
  2507 | D:3      | XOM: cast spell 'Summon Butterflies'
  2831 | D:3      | Noticed a sky beast
  2832 | D:3      | XOM: harmless Necr miscast
  2838 | D:3      | Killed a sky beast
  2839 | D:3      | Reached skill level 5 in Spellcasting
  2839 | D:3      | Reached XP level 6. HP: 36/36 MP: 13/15
  2843 | D:3      | Learned a level 3 spell: Iskenderun's Mystic Blast
  2924 | D:3      | Killed Ijyb
  3075 | D:4      | Reached XP level 7. HP: 41/41 MP: 8/18
  3263 | D:4      | XOM: noise
  3382 | D:4      | XOM: harmless Necr miscast
  3395 | D:4      | XOM is BORED!
  3414 | D:4      | XOM: mild Fire miscast
  3468 | D:4      | Found Uckere's Armour Boutique.
  4049 | D:5      | Entered Level 5 of the Dungeon
  4060 | D:5      | Noticed a hippogriff
  4067 | D:5      | Killed a hippogriff
  4068 | D:5      | Reached XP level 8. HP: 46/46 MP: 14/21
  4088 | D:5      | Found a staircase to the Ecumenical Temple.
  4125 | D:5      | XOM: god gift: rapier {god gift}
  4126 | D:5      | Noticed Pikel
  4132 | D:5      | Killed Pikel
  4133 | D:5      | Reached skill level 10 in Conjurations
  4137 | D:5      | XOM: 2-stop teleportation journey
  4192 | D:5      | Found a shimmering altar of Xom.
  4273 | D:5      | Reached XP level 9. HP: 51/51 MP: 18/24
  4334 | D:5      | XOM: scenery: create altars
  4460 | D:5      | Reached skill level 10 in Spellcasting
  4510 | D:5      | XOM: god gift: scorched garnet amulet {god gift}
  4511 | D:5      | Got a scorched garnet amulet {god gift}
  4521 | D:6      | Noticed Eustachio
  4522 | D:6      | XOM: summons friendly white imp
  4530 | D:6      | Killed Eustachio
  4572 | D:6      | XOM: god gift: 26 gold pieces
  4586 | D:6      | XOM: enchant monster (good)
  4775 | D:6      | XOM: summons friendly ufetubus
  4965 | D:6      | Found a blossoming altar of Fedhas.
  5042 | D:6      | Found a stormy altar of Qazlal.
  5179 | D:6      | Noticed Sigmund
  5199 | D:6      | Killed Sigmund
  5390 | D:6      | Noticed Blork the orc
  5392 | D:6      | Killed Blork the orc
  5504 | D:6      | Reached XP level 10. HP: 56/56 MP: 20/27
  5605 | D:6      | XOM: god gift: chain mail {god gift}
  5692 | D:7      | XOM: cast spell 'Metabolic Englaciation'
  5724 | D:7      | Slain by a troll

Skill      XL: |  1  2  3  4  5  6  7  8  9 10 |
---------------+-------------------------------+-----
Conjurations   | 5 6 7 9 10 11 12 | 12.0
Spellcasting   | 3 4 5 6 7 9 11 12 | 12.2
Dodging        | 3 |  3.8
Stealth        | 2 |  2.0
Fighting       | |  0.2

Action                   |  1- 3 |  4- 6 |  7- 9 | 10-12 || total
-------------------------+-------+-------+-------+-------++-------
Melee: Unarmed           |       |       |     5 |       ||     5
 Cast: Magic Dart        |    86 |    83 |    96 |     8 ||   273
       Iskenderun's Myst |       |    15 |    88 |    16 ||   119
  Use: Scroll            |       |       |     5 |       ||     5
  Eat: Chunk             |     2 |       |    10 |     1 ||    13
       Ration            |       |     1 |       |       ||     1
Armor: Skin              |     4 |     2 |     5 |     2 ||    13
Dodge: Dodged            |    12 |    13 |    19 |    10 ||    54
Block: Other             |     2 |     2 |     9 |     9 ||    22
